[Event "42nd Olympiad Baku 2016 Open"]
[Site "Baku"]
[Date "2016.09.04"]
[Round "3.33"]
[White "Machin Rivera, Mark"]
[Black "Zhang, Zhong"]
[Result "0-1"]
[ECO "A13"]
[WhiteElo "2339"]
[BlackElo "2637"]
[Annotator ""]
[PlyCount "66"]
[EventDate "2016.??.??"]
[EventCountry "AZE"]
[SourceTitle "playchess.com"]
[Source "ChessBase"]
[WhiteTeam "Puerto Rico"]
[BlackTeam "Singapore"]
[WhiteTeamCountry "PUR"]
[BlackTeamCountry "SIN"]
[TimeControl "40/5400+30:1800+30"]

1. c4 {(00:00)} e6 {(00:00)} 2. g3 {(00:00)} d5 {(
00:03)} 3. Bg2 {(00:31)} Nf6 {(00:57)} 4. Nf3 {(00:52)} d4
{(00:09)} 5. e3 {(04:13)} c5 {(00:18)} 6. O-O {(01:
01)} Nc6 {(00:05)} 7. exd4 {(00:53)} cxd4 {(00:08)} 8. Re1
{(00:57)} Bd6 {(02:05)} 9. d3 {(00:41)} h6 {(00:08]
} 10. Na3 {(00:52)} O-O {(00:17)} 11. Nc2 {(01:44)} a5 {
(00:15)} 12. a3 {(02:05)} e5 {(03:17)} 13. Rb1 {(
00:57)} a4 {(01:38)} 14. Nb4 {(06:08)} Re8 {(03:40)} 15.
c5 {(11:08)} Bc7 {(00:33)} 16. Nd2 {(04:54)} Bg4 {(
06:11)} 17. Qc2 {(05:28)} Qd7 {(19:52)} 18. Nc4 {(09:43)}
Bh3 {(04:25)} 19. Bh1 {(01:18)} Re6 {(04:03)} 20. Bd2 {
(03:55)} Bf5 {(02:54)} 21. Rbc1 {(09:35)} e4 {(04:
43)} 22. dxe4 {(08:59)} Nxb4 {(00:25)} 23. Bxb4 {(03:06)}
d3 {(00:18)} 24. Qd1 {(04:43)} Bxe4 {(03:42)} 25. Nd6 {
(08:33)} Bxh1 {(09:06)} 26. Kxh1 {(00:06)} Rxe1+ {(
00:40)} 27. Qxe1 {(00:06)} Bxd6 {(00:15)} 28. cxd6 {(00:
48)} Re8 {(00:04)} 29. Qd1 {(06:57)} Qf5 {(03:29)} 30. Rc3
{(03:44)} Ne4 {(01:33)} 31. Rxd3 {(01:01)} Nxf2+ {(
00:13)} 32. Kg1 {(00:03)} Nxd1 {(01:10)} 33. Rxd1 {(00:17]
} Re2 {(00:10)} 0-1

[Event "42nd Olympiad Baku 2016 Open"]
[Site "Baku"]
[Date "2016.09.04"]
[Round "3.6"]
[White "Maghsoodloo, Parham"]
[Black "Mastrovasilis, Dimitrios"]
[Result "1/2-1/2"]
[ECO "D12"]
[WhiteElo "2566"]
[BlackElo "2601"]
[Annotator ""]
[PlyCount "83"]
[EventDate "2016.??.??"]
[EventCountry "AZE"]
[SourceTitle "playchess.com"]
[Source "ChessBase"]
[WhiteTeam "Iran"]
[BlackTeam "Greece"]
[WhiteTeamCountry "IRI"]
[BlackTeamCountry "GRE"]
[TimeControl "40/5400+30:1800+30"]

1. d4 {(00:00)} d5 {(00:00)} 2. c4 {(00:00)} c6 {(
00:00)} 3. Nf3 {(00:00)} Nf6 {(00:15)} 4. e3 {(00:04)} Bf5
{(02:59)} 5. Nc3 {(00:14)} e6 {(00:12)} 6. Nh4 {(
01:09)} Be4 {(00:34)} 7. f3 {(00:54)} Bg6 {(00:10)} 8. Qb3
{(00:11)} Qb6 {(01:11)} 9. Nxg6 {(00:09)} hxg6 {(
00:09)} 10. Bd2 {(00:08)} Nbd7 {(01:03)} 11. O-O-O {(00:
36)} Qxb3 {(13:17)} 12. axb3 {(00:17)} O-O-O {(00:14)} 13.
Bd3 {(05:26)} Bd6 {(02:54)} 14. h3 {(00:06)} a6 {(
23:29)} 15. Kb1 {(09:57)} Kb8 {(01:57)} 16. e4 {(07:25)}
e5 {(14:39)} 17. exd5 {(22:26)} exd4 {(01:11)} 18. Ne2 {
(04:14)} Nc5 {(09:11)} 19. Ba5 {(06:16)} Bc7 {(00:
23)} 20. Bxc7+ {(01:44)} Kxc7 {(00:07)} 21. b4 {(02:03)}
Nxd3 {(09:33)} 22. Rxd3 {(00:04)} cxd5 {(01:58)} 23. c5 {
(00:02)} Rhe8 {(00:36)} 24. Nxd4 {(00:52)} Nh5 {(
01:23)} 25. b5 {(07:14)} Nf4 {(10:58)} 26. b6+ {(01:57)}
Kc8 {(00:14)} 27. Rd2 {(01:26)} Ne6 {(00:39)} 28. Nb3 {
(00:34)} d4 {(00:06)} 29. Re1 {(04:24)} Rd5 {(02:
07)} 30. Nxd4 {(07:22)} Rxc5 {(01:07)} 31. Nxe6 {(00:10)}
Rc6 {(02:07)} 32. Re4 {(03:13)} fxe6 {(00:29)} 33. Rc2 {
(02:42)} e5 {(00:47)} 34. Rxc6+ {(02:12)} bxc6 {(
00:01)} 35. f4 {(00:02)} Kb7 {(00:01)} 36. fxe5 {(00:51)}
Re6 {(00:15)} 37. Kc2 {(04:31)} Kxb6 {(00:03)} 38. Kc3 {
(03:31)} Kc5 {(00:20)} 39. Re1 {(00:31)} g5 {(01:
23)} 40. Kd3 {(00:00)} Kd5 {(00:00)} 41. Ra1 {(03:39)} c5
{(14:38)} 42. Ra5 {(02:04)} 1/2-1/2

[Event "42nd Olympiad Baku 2016 Open"]
[Site "Baku"]
[Date "2016.09.04"]
[Round "3.18"]
[White "Makolli, Perparim"]
[Black "Gascon Del Nogal, Jose Rafael"]
[Result "0-1"]
[ECO "B90"]
[WhiteElo "2289"]
[BlackElo "2436"]
[Annotator ""]
[PlyCount "114"]
[EventDate "2016.??.??"]
[EventCountry "AZE"]
[SourceTitle "playchess.com"]
[Source "ChessBase"]
[WhiteTeam "Kosovo"]
[BlackTeam "Venezuela"]
[WhiteTeamCountry "KOS"]
[BlackTeamCountry "VEN"]
[TimeControl "40/5400+30:1800+30"]

1. e4 {(00:43)} c5 {(00:00)} 2. Nf3 {(00:19)} d6 {(
00:00)} 3. d4 {(00:10)} cxd4 {(00:00)} 4. Nxd4 {(00:05)}
Nf6 {(00:00)} 5. Nc3 {(00:16)} a6 {(00:06)} 6. Bc4 {
(00:26)} e6 {(00:07)} 7. Bb3 {(00:08)} Nbd7 {(00:
04)} 8. O-O {(01:55)} Nc5 {(00:07)} 9. f4 {(03:19)} Nfxe4
{(02:26)} 10. Nxe4 {(00:15)} Nxe4 {(00:02)} 11. f5 {
(04:30)} e5 {(00:03)} 12. Qh5 {(02:01)} d5 {(11:29]
} 13. Re1 {(09:38)} Qc7 {(05:38)} 14. Ne6 {(24:38)} Bxe6 {
(12:13)} 15. fxe6 {(00:13)} Qb6+ {(00:09)} 16. Be3 {
(00:19)} Qxe6 {(00:06)} 17. Bd4 {(02:19)} g6 {(08:
33)} 18. Qxe5 {(06:47)} Qxe5 {(00:05)} 19. Bxe5 {(00:07)}
Bc5+ {(00:03)} 20. Kf1 {(07:52)} Nd2+ {(00:05)} 21. Ke2 {
(00:05)} Nxb3 {(00:03)} 22. axb3 {(03:06)} O-O {(
09:53)} 23. Red1 {(06:45)} Rad8 {(05:38)} 24. Bd4 {(04:33]
} Rfe8+ {(03:42)} 25. Kf3 {(05:20)} Bxd4 {(01:16)} 26.
Rxd4 {(00:11)} Rd6 {(00:27)} 27. g3 {(07:37)} Rf6+ {
(01:57)} 28. Rf4 {(00:22)} Rfe6 {(03:35)} 29. Rf1 {
(01:34)} Re4 {(06:39)} 30. Rf2 {(01:11)} f5 {(01:
21)} 31. Rd2 {(01:01)} R8e5 {(00:12)} 32. Kf2 {(01:12)}
Kf7 {(06:18)} 33. Rf3 {(01:07)} Ke6 {(01:42)} 34. Rc3 {
(00:50)} Kd6 {(01:08)} 35. Rc8 {(02:07)} Re8 {(01:
20)} 36. Rc3 {(00:05)} b5 {(03:04)} 37. Rcd3 {(01:00)}
R8e5 {(00:42)} 38. Rc3 {(01:01)} g5 {(02:20)} 39. Rc8 {
(01:07)} Re8 {(00:01)} 40. Rxe8 {(00:00)} Rxe8 {(
00:00)} 41. b4 {(02:58)} Re4 {(08:25)} 42. c3 {(00:23)}
Ke5 {(00:18)} 43. Rd1 {(00:12)} d4 {(00:41)} 44. h3 {
(04:26)} h5 {(00:39)} 45. Rd3 {(10:05)} h4 {(16:48]
} 46. gxh4 {(00:30)} Rxh4 {(00:30)} 47. Kg2 {(00:30)} Re4
{(00:30)} 48. Kf2 f4 49. Rd1 {(01:00)} dxc3 {(01:00)} 50.
bxc3 {(00:06)} Re3 {(00:02)} 51. Ra1 {(05:28)} Rxh3 {
(00:00)} 52. Rxa6 {(00:00)} Rxc3 {(00:11)} 53. Rb6 {
(00:00)} g4 {(00:06)} 54. Rxb5+ {(00:00)} Ke4 {(00:
04)} 55. Ra5 {(01:50)} g3+ {(00:08)} 56. Kg2 {(00:21)}
Rc2+ {(00:10)} 57. Kg1 {(02:03)} f3 {(00:07)} 0-1

[Event "42nd Olympiad Baku 2016 Open"]
[Site "Baku"]
[Date "2016.09.04"]
[Round "3.15"]
[White "Mamedov, Rauf"]
[Black "Balogh, Csaba"]
[Result "1-0"]
[ECO "C54"]
[WhiteElo "2666"]
[BlackElo "2614"]
[Annotator ""]
[PlyCount "159"]
[EventDate "2016.??.??"]
[EventCountry "AZE"]
[SourceTitle "playchess.com"]
[Source "ChessBase"]
[WhiteTeam "Azerbaijan"]
[BlackTeam "Hungary"]
[WhiteTeamCountry "AZE"]
[BlackTeamCountry "HUN"]
[TimeControl "40/5400+30:1800+30"]

1. e4 {(00:00)} e5 {(00:12)} 2. Nf3 {(00:00)} Nc6 {
(00:06)} 3. Bc4 {(00:00)} Bc5 {(00:55)} 4. c3 {(00:
00)} Nf6 {(00:14)} 5. d3 {(00:01)} O-O {(00:52)} 6. O-O {
(00:05)} d5 {(01:59)} 7. exd5 {(00:23)} Nxd5 {(00:
05)} 8. a4 {(00:02)} Nb6 {(01:07)} 9. Bb5 {(00:20)} Ne7 {
(00:23)} 10. a5 {(00:03)} c6 {(01:03)} 11. axb6 {(
00:04)} cxb5 {(00:07)} 12. Rxa7 {(00:03)} Rxa7 {(00:59)}
13. bxa7 {(00:24)} Bxa7 {(00:04)} 14. Nxe5 {(03:14)} Bf5 {
(04:00)} 15. Na3 {(05:17)} Bb8 {(12:28)} 16. d4 {(
11:40)} f6 {(16:39)} 17. Nd3 {(26:23)} Qd7 {(40:21)} 18.
Re1 {(04:39)} Nd5 {(02:10)} 19. Nc5 {(03:00)} Qd6 {
(02:08)} 20. g3 {(00:12)} b6 {(06:08)} 21. Na6 {(
12:16)} b4 {(00:24)} 22. cxb4 {(09:50)} Qd7 {(00:05)} 23.
Bd2 {(12:16)} Rd8 {(02:47)} 24. Nxb8 {(03:29)} Rxb8 {
(00:02)} 25. Nb1 {(00:09)} Re8 {(00:39)} 26. Rxe8+ {
(02:26)} Qxe8 {(00:02)} 27. Nc3 {(00:05)} Be6 {(02:
19)} 28. Qe2 {(00:54)} Qd7 {(01:13)} 29. b5 {(00:27)} g6 {
(02:09)} 30. Qe4 {(04:19)} Kf7 {(00:19)} 31. Qh4 {(
00:16)} h5 {(00:33)} 32. Qe4 {(01:01)} Nxc3 {(02:12)} 33.
Bxc3 {(00:03)} Bd5 {(00:29)} 34. Qe2 {(01:09)} Qg4 {
(00:20)} 35. Qxg4 {(01:30)} hxg4 {(00:02)} 36. Kf1 {
(00:34)} Ke6 {(01:15)} 37. Ke2 {(00:05)} g5 {(00:
31)} 38. Kd3 {(00:22)} Kd7 {(00:53)} 39. Bb4 {(00:07)} Ke6
{(00:04)} 40. Bf8 {(00:00)} Bg2 {(00:00)} 41. Kc3 {
(11:05)} Kd7 {(31:02)} 42. Kc4 {(00:45)} Bf1+ {(00:
17)} 43. Kb4 {(00:32)} f5 {(01:16)} 44. d5 {(01:19)} f4 {
(00:26)} 45. Bh6 {(14:42)} fxg3 {(00:06)} 46. hxg3 {
(00:02)} Bg2 {(00:43)} 47. Kc4 {(00:38)} Bf1+ {(00:
05)} 48. Kd4 {(00:49)} Bxb5 {(00:03)} 49. Bxg5 {(00:03)}
Be2 {(00:07)} 50. Ke5 {(01:09)} Bf3 {(00:09)} 51. Be3 {
(00:04)} b5 {(00:12)} 52. Bc5 {(00:03)} Bd1 {(00:
25)} 53. b4 {(03:48)} Bf3 {(00:07)} 54. Be3 {(00:18)} Ke7
{(00:36)} 55. Bd4 {(00:38)} Kd7 {(00:33)} 56. Bc5 {
(00:04)} Kd8 {(01:42)} 57. Kd6 {(00:14)} Kc8 {(00:
45)} 58. Ke6 {(01:31)} Kd8 {(00:08)} 59. Bd4 {(00:44)} Ke8
{(00:27)} 60. Bb6 {(00:04)} Bg2 {(01:08)} 61. Bc5 {
(04:07)} Bf3 {(00:06)} 62. Kd6 {(00:30)} Kd8 {(00:
20)} 63. Be3 {(00:06)} Kc8 {(01:39)} 64. Bb6 {(00:07)} Kb7
{(00:12)} 65. Kc5 {(00:15)} Be4 {(00:42)} 66. Ba5 {
(00:26)} Kc8 {(00:28)} 67. Kc6 {(00:04)} Bf3 {(00:
07)} 68. Bb6 {(00:04)} Kb8 {(00:37)} 69. Ba5 {(02:22)} Kc8
{(00:05)} 70. Bc7 {(00:04)} Be4 {(00:21)} 71. f4 {(
00:20)} gxf3 {(00:15)} 72. Bb6 {(00:03)} Bd3 {(01:53)} 73.
g4 {(01:22)} Bc4 {(00:24)} 74. g5 {(00:10)} Bd3 {(
00:02)} 75. d6 {(00:26)} Be4+ {(00:05)} 76. Kxb5 {(00:02)}
Kd7 {(00:06)} 77. Bc5 {(00:03)} f2 {(00:36)} 78. Bxf2 {
(00:04)} Kxd6 {(00:01)} 79. Ka5 {(00:37)} Kc7 {(00:
50)} 80. b5 {(00:04)} 1-0

[Event "42nd Olympiad Baku 2016 Open"]
[Site "Baku"]
[Date "2016.09.04"]
[Round "3.13"]
[White "Mamedyarov, Shakhriyar"]
[Black "Rapport, Richard"]
[Result "1-0"]
[ECO "D10"]
[WhiteElo "2761"]
[BlackElo "2752"]
[Annotator ""]
[PlyCount "95"]
[EventDate "2016.??.??"]
[EventCountry "AZE"]
[SourceTitle "playchess.com"]
[Source "ChessBase"]
[WhiteTeam "Azerbaijan"]
[BlackTeam "Hungary"]
[WhiteTeamCountry "AZE"]
[BlackTeamCountry "HUN"]
[TimeControl "40/5400+30:1800+30"]

1. d4 {(00:00)} d5 {(00:00)} 2. c4 {(00:00)} c6 {(
00:07)} 3. cxd5 {(07:35)} cxd5 {(00:13)} 4. Nc3 {(00:02)}
Nf6 {(00:08)} 5. Bf4 {(00:01)} Nc6 {(00:07)} 6. e3 {
(00:02)} Bf5 {(00:07)} 7. Qb3 {(03:10)} Na5 {(00:
12)} 8. Qa4+ {(00:03)} Bd7 {(00:05)} 9. Qd1 {(00:02)} Rc8
{(10:47)} 10. Nf3 {(01:54)} e6 {(09:41)} 11. Bd3 {(
10:04)} Nc4 {(01:35)} 12. Qe2 {(08:49)} Qa5 {(14:07)} 13.
Bxc4 {(03:20)} Rxc4 {(06:36)} 14. O-O {(00:08)} Bb4 {
(05:20)} 15. Ne5 {(01:07)} Rc8 {(00:20)} 16. Qf3 {(
06:02)} h6 {(01:12)} 17. Rfc1 {(25:00)} Bxc3 {(02:49)} 18.
bxc3 {(00:02)} Rxc3 {(01:04)} 19. g4 {(00:10)} Bb5 {
(15:51)} 20. g5 {(09:01)} hxg5 {(05:26)} 21. Bxg5 {
(00:07)} Rg8 {(05:23)} 22. Kh1 {(01:56)} Qc7 {(12:
11)} 23. Rxc3 {(04:00)} Qxc3 {(00:02)} 24. Rg1 {(00:13)}
Rf8 {(00:14)} 25. Bxf6 {(01:08)} gxf6 {(00:04)} 26. Qxf6 {
(00:02)} Bd3 {(01:35)} 27. h4 {(03:17)} Be4+ {(00:
50)} 28. Kh2 {(01:00)} Qc7 {(00:21)} 29. h5 {(03:49)} Bf5
{(01:58)} 30. h6 {(01:59)} Qc2 {(00:36)} 31. Qh4 {(
02:36)} Qe4 {(02:45)} 32. Qxe4 {(03:31)} Bxe4 {(00:23)}
33. Rg7 {(00:05)} f6 {(00:05)} 34. Ng6 {(03:13)} Bxg6 {
(00:50)} 35. Rxg6 {(00:02)} Rh8 {(01:13)} 36. Kg3 {
(01:37)} Kf7 {(00:52)} 37. Rg7+ {(00:03)} Kf8 {(00:
03)} 38. Rxb7 {(00:04)} Rxh6 {(00:06)} 39. Rxa7 {(00:02)}
Rh1 {(03:10)} 40. a4 {(00:00)} e5 {(00:00)} 41. a5 {
(01:17)} Rg1+ {(08:28)} 42. Kh2 {(01:14)} Ra1 {(02:
22)} 43. a6 {(00:07)} Ra3 {(01:43)} 44. Kg2 {(09:41)} Ke8
{(08:27)} 45. dxe5 {(00:46)} fxe5 {(00:05)} 46. f4 {
(00:04)} d4 {(00:38)} 47. exd4 {(00:33)} exf4 {(00:
44)} 48. d5 {(00:18)} 1-0

[Event "42nd Olympiad Baku 2016 Open"]
[Site "Baku"]
[Date "2016.09.04"]
[Round "3.18"]
[White "Mansour, Sameer"]
[Black "Mollah Abdullah, Al Rakib"]
[Result "1/2-1/2"]
[ECO "A05"]
[WhiteElo "2245"]
[BlackElo "2488"]
[Annotator ""]
[PlyCount "60"]
[EventDate "2016.??.??"]
[EventCountry "AZE"]
[SourceTitle "playchess.com"]
[Source "ChessBase"]
[WhiteTeam "Jordan"]
[BlackTeam "Bangladesh"]
[WhiteTeamCountry "JOR"]
[BlackTeamCountry "BAN"]
[TimeControl "40/5400+30:1800+30"]

1. Nf3 {(00:00)} Nf6 {(00:00)} 2. c4 {(01:10)} b6 {
(00:04)} 3. g3 {(00:52)} Bb7 {(00:13)} 4. Bg2 {(00:
10)} g6 {(00:17)} 5. O-O {(01:40)} Bg7 {(00:04)} 6. Nc3 {
(00:38)} O-O {(00:24)} 7. d4 {(01:26)} Ne4 {(00:15]
} 8. Nxe4 {(02:08)} Bxe4 {(00:05)} 9. Be3 {(02:21)} e6 {
(04:17)} 10. Qd2 {(03:52)} d6 {(01:11)} 11. Bh6 {(
02:05)} Nd7 {(01:16)} 12. Bxg7 {(05:00)} Kxg7 {(00:06)}
13. b4 {(03:05)} Nf6 {(06:40)} 14. Rfd1 {(04:28)} Qe7 {
(02:27)} 15. Qb2 {(03:45)} Kg8 {(05:07)} 16. a4 {(
04:17)} a5 {(00:33)} 17. b5 {(00:45)} Rfe8 {(07:26)} 18.
Ne1 {(07:26)} Bxg2 {(04:50)} 19. Nxg2 {(00:30)} e5 {
(20:12)} 20. Ne3 {(02:22)} Rad8 {(02:01)} 21. Rac1 {
(04:41)} Rd7 {(06:25)} 22. Rd3 {(09:50)} exd4 {(07:
36)} 23. Qxd4 {(01:12)} Qe5 {(00:42)} 24. Qxe5 {(09:52)}
Rxe5 {(00:13)} 25. f3 {(00:14)} Rde7 {(09:33)} 26. Kf2 {
(00:14)} Kf8 {(00:25)} 27. Rc2 {(00:14)} Ke8 {(06:
52)} 28. Nd5 {(04:15)} Nxd5 {(00:11)} 29. cxd5 {(00:09)}
f5 {(01:05)} 30. e3 {(00:31)} Kd8 {(01:26)} 1/2-1/2

[Event "42nd Olympiad Baku 2016 Open"]
[Site "Baku"]
[Date "2016.09.04"]
[Round "3.30"]
[White "Mareco, Sandro"]
[Black "Nakamura, Hikaru"]
[Result "1/2-1/2"]
[ECO "A09"]
[WhiteElo "2606"]
[BlackElo "2789"]
[Annotator ""]
[PlyCount "140"]
[EventDate "2016.??.??"]
[EventCountry "AZE"]
[SourceTitle "playchess.com"]
[Source "ChessBase"]
[WhiteTeam "Argentina"]
[BlackTeam "United States"]
[WhiteTeamCountry "ARG"]
[BlackTeamCountry "USA"]
[TimeControl "40/5400+30:1800+30"]

1. Nf3 {(00:00)} d5 {(00:00)} 2. c4 {(00:00)} d4 {(
00:00)} 3. b4 {(00:00)} Bg4 {(00:00)} 4. g3 {(00:00)} Bxf3
{(13:28)} 5. exf3 {(00:00)} a5 {(00:21)} 6. b5 {(
00:01)} Nd7 {(06:35)} 7. Bg2 {(00:09)} e6 {(01:33)} 8. O-O
{(00:15)} Ngf6 {(00:20)} 9. f4 {(00:16)} Nc5 {(08:
28)} 10. d3 {(01:11)} Nfd7 {(04:43)} 11. Nd2 {(25:30)} Be7
{(06:02)} 12. Nb3 {(04:16)} O-O {(02:48)} 13. Nxd4 {
(02:19)} Bf6 {(18:37)} 14. Be3 {(00:07)} Qe7 {(00:
01)} 15. Rc1 {(02:17)} Qd6 {(04:24)} 16. Nb3 {(02:06)}
Nxb3 {(01:31)} 17. axb3 {(02:54)} Bd4 {(00:18)} 18. Bxb7 {
(05:56)} Rad8 {(00:24)} 19. Bf3 {(01:38)} Nc5 {(06:
52)} 20. Re1 {(00:38)} g6 {(01:39)} 21. Qc2 {(02:14)} Qb6
{(01:13)} 22. Ra1 {(07:15)} Rd6 {(00:34)} 23. Bxd4 {
(17:49)} Rxd4 {(00:17)} 24. Re3 {(00:04)} Rfd8 {(
01:29)} 25. Rd1 {(01:58)} Qd6 {(05:05)} 26. Qc3 {(00:37)}
Qb6 {(01:34)} 27. h4 {(02:24)} h5 {(00:06)} 28. Be2 {
(02:42)} c6 {(04:29)} 29. bxc6 {(00:16)} Qxc6 {(03:
47)} 30. Ra1 {(00:17)} Qb7 {(02:38)} 31. Rxa5 {(00:48)}
Qxb3 {(00:04)} 32. Qxb3 {(00:11)} Nxb3 {(00:05)} 33. Ra3 {
(00:08)} Rb8 {(00:25)} 34. Ra7 {(05:41)} Nc1 {(01:
15)} 35. Bf1 {(03:38)} Rb2 {(02:11)} 36. Re4 {(07:11)} Rd8
{(01:18)} 37. Re1 {(03:17)} Rc2 {(00:26)} 38. Ra1 {
(00:45)} Nb3 {(00:02)} 39. Rad1 {(00:39)} Nd4 {(00:
38)} 40. Kg2 {(00:00)} Nf5 {(00:00)} 41. Rb1 {(06:33)} Rd2
{(02:59)} 42. Kg1 {(04:18)} Nd4 {(00:31)} 43. Red1 {
(00:16)} Ra2 {(02:41)} 44. Ra1 {(03:38)} Rb2 {(05:
16)} 45. Rdb1 {(02:59)} Rc2 {(04:11)} 46. Ra3 {(05:18)}
Rd7 {(03:37)} 47. Rba1 {(01:36)} Kg7 {(03:34)} 48. Kg2 {
(02:47)} Rb7 {(00:58)} 49. R3a2 {(00:22)} Rc3 {(00:
04)} 50. Rd1 {(00:39)} Kf6 {(00:09)} 51. f3 {(01:08)} Rbb3
{(02:51)} 52. Kf2 {(00:37)} Nc6 {(00:11)} 53. g4 {(
00:39)} Nb4 {(00:30)} 54. Rad2 {(00:04)} Nc6 {(00:31)} 55.
Ra1 {(01:06)} Nb4 {(01:25)} 56. Rad1 {(01:30)} Ra3 {
(00:57)} 57. Be2 {(01:47)} Nc6 {(00:00)} 58. g5+ {(
02:38)} Kg7 {(03:06)} 59. d4 {(00:05)} Na5 {(00:01)} 60.
c5 {(02:08)} Nb3 {(01:44)} 61. Rd3 {(00:34)} Rc2 {(
00:05)} 62. Re1 {(00:26)} Rb2 {(00:26)} 63. c6 {(01:19)}
Raa2 {(00:55)} 64. c7 {(00:44)} Nc1 {(00:08)} 65. Rxc1 {
(01:05)} Rxe2+ {(00:14)} 66. Kf1 {(00:08)} Rh2 {(
00:04)} 67. Kg1 {(00:06)} Rag2+ {(00:06)} 68. Kf1 {(00:04]
} Rf2+ {(00:06)} 69. Kg1 {(00:05)} Rhg2+ {(00:05)} 70. Kh1
{(00:05)} Rh2+ {(00:04)} 1/2-1/2

[Event "42nd Olympiad Baku 2016 Open"]
[Site "Baku"]
[Date "2016.09.04"]
[Round "3.12"]
[White "Marjanovic, Dejan"]
[Black "Rusev, Krasimir"]
[Result "1/2-1/2"]
[ECO "D11"]
[WhiteElo "2432"]
[BlackElo "2548"]
[Annotator ""]
[PlyCount "44"]
[EventDate "2016.??.??"]
[EventCountry "AZE"]
[SourceTitle "playchess.com"]
[Source "ChessBase"]
[WhiteTeam "Bosnia  Herzegovina"]
[BlackTeam "Bulgaria"]
[WhiteTeamCountry "BIH"]
[BlackTeamCountry "BUL"]
[TimeControl "40/5400+30:1800+30"]

1. d4 {(00:00)} d5 {(00:00)} 2. c4 {(00:03)} c6 {(
00:00)} 3. Nf3 {(00:23)} Nf6 {(00:00)} 4. g3 {(01:13)} Bf5
{(05:40)} 5. Nc3 {(00:27)} e6 {(00:34)} 6. Nh4 {(
00:19)} Be4 {(03:08)} 7. f3 {(00:17)} Bg6 {(00:08)} 8. Qb3
{(00:30)} b5 {(10:50)} 9. cxb5 {(02:44)} c5 {(00:
16)} 10. Be3 {(17:40)} Nbd7 {(02:51)} 11. Bh3 {(33:58)}
Qb6 {(38:16)} 12. Na4 {(06:26)} Qa5+ {(03:36)} 13. Bd2 {
(00:43)} Qc7 {(01:16)} 14. Rc1 {(03:18)} c4 {(03:
29)} 15. Qd1 {(05:06)} Bd6 {(02:33)} 16. Kf2 {(04:11)} a6
{(02:48)} 17. b6 {(09:09)} Qc6 {(03:13)} 18. b3 {(
00:22)} Ba3 {(06:40)} 19. Rc3 {(00:11)} Bb4 {(02:18)} 20.
Rc1 {(04:35)} Ba3 {(00:02)} 21. Rc3 {(00:07)} Bb4 {
(00:13)} 22. Rc1 {(00:12)} Ba3 1/2-1/2

[Event "42nd Olympiad Baku 2016 Open"]
[Site "Baku"]
[Date "2016.09.04"]
[Round "3.6"]
[White "Markus, Robert"]
[Black "Postny, Evgeny"]
[Result "1/2-1/2"]
[ECO "E16"]
[WhiteElo "2662"]
[BlackElo "2619"]
[Annotator ""]
[PlyCount "90"]
[EventDate "2016.??.??"]
[EventCountry "AZE"]
[SourceTitle "playchess.com"]
[Source "ChessBase"]
[WhiteTeam "Serbia"]
[BlackTeam "Israel"]
[WhiteTeamCountry "SRB"]
[BlackTeamCountry "ISR"]
[TimeControl "40/5400+30:1800+30"]

1. d4 {(00:00)} Nf6 {(00:00)} 2. c4 {(00:00)} e6 {(
00:00)} 3. Nf3 {(00:12)} Bb4+ {(00:00)} 4. Bd2 {(01:05)}
Qe7 {(00:07)} 5. g3 {(02:10)} Bxd2+ {(00:14)} 6. Qxd2 {
(01:10)} Nc6 {(00:08)} 7. b3 {(08:03)} O-O {(00:28]
} 8. Qb2 {(07:43)} d6 {(08:17)} 9. Bg2 {(04:19)} e5 {
(05:37)} 10. d5 {(02:02)} Nb8 {(00:22)} 11. Nc3 {(
00:52)} Ne8 {(03:37)} 12. e4 {(05:34)} g6 {(17:00)} 13.
O-O {(05:19)} Nd7 {(00:17)} 14. Ne1 {(02:36)} f5 {(
01:29)} 15. exf5 {(07:00)} gxf5 {(00:29)} 16. f4 {(05:21)}
Nef6 {(04:19)} 17. fxe5 {(05:02)} Nxe5 {(01:49)} 18. Qd2 {
(00:26)} Bd7 {(09:04)} 19. Nc2 {(02:35)} Nh5 {(25:
20)} 20. Nd4 {(05:51)} Rae8 {(01:49)} 21. Rae1 {(04:43)}
Qg7 {(01:34)} 22. Ncb5 {(13:27)} Bxb5 {(10:35)} 23. cxb5 {
(00:35)} Qg6 {(00:43)} 24. Ne6 {(02:04)} Rf7 {(00:
09)} 25. Rc1 {(03:51)} Ree7 {(00:50)} 26. Rc3 {(01:41)}
Nf6 {(01:29)} 27. Qg5 {(03:45)} Ne8 {(05:23)} 28. Qxg6+ {
(03:39)} hxg6 {(00:09)} 29. Nd8 {(00:10)} Rh7 {(00:
24)} 30. Nxb7 {(02:52)} Ng4 {(00:09)} 31. h3 {(00:35)} Ne3
{(00:21)} 32. Re1 {(00:35)} Nxg2 {(00:35)} 33. Rxe7 {
(00:06)} Rxe7 {(00:04)} 34. Kxg2 {(00:03)} Re2+ {(
01:00)} 35. Kf3 {(00:05)} Rxa2 {(00:06)} 36. Nd8 {(01:14)}
Rd2 {(02:43)} 37. Ne6 {(00:54)} Rxd5 {(00:25)} 38. Nxc7 {
(00:31)} Nxc7 {(00:06)} 39. Rxc7 {(00:03)} g5 {(01:
11)} 40. h4 {(00:00)} Rd3+ {(00:00)} 41. Ke2 {(01:01)}
Rxg3 {(04:28)} 42. hxg5 {(01:14)} Rxb3 {(03:19)} 43. Rxa7
{(00:04)} Rxb5 {(00:08)} 44. Rd7 {(00:30)} f4 {(02:
25)} 45. Rxd6 {(00:07)} Rxg5 {(00:06)} 1/2-1/2

[Event "42nd Olympiad Baku 2016 Open"]
[Site "Baku"]
[Date "2016.09.04"]
[Round "3.7"]
[White "Mastrovasilis, Athanasios"]
[Black "Lorparizangeneh, Shahin"]
[Result "1/2-1/2"]
[ECO "A35"]
[WhiteElo "2555"]
[BlackElo "2478"]
[Annotator ""]
[PlyCount "71"]
[EventDate "2016.??.??"]
[EventCountry "AZE"]
[SourceTitle "playchess.com"]
[Source "ChessBase"]
[WhiteTeam "Greece"]
[BlackTeam "Iran"]
[WhiteTeamCountry "GRE"]
[BlackTeamCountry "IRI"]
[TimeControl "40/5400+30:1800+30"]

1. c4 {(00:00)} c5 {(00:04)} 2. Nc3 {(00:09)} Nc6 {
(00:08)} 3. Nf3 {(00:19)} g6 {(00:42)} 4. e3 {(00:
32)} Nf6 {(00:38)} 5. d4 {(00:16)} cxd4 {(00:07)} 6. exd4
{(00:09)} d5 {(00:04)} 7. cxd5 {(00:12)} Nxd5 {(00:
07)} 8. Qb3 {(00:27)} e6 {(00:26)} 9. Bg5 {(00:47)} Be7 {
(01:02)} 10. Bh6 {(00:40)} Bf8 {(00:12)} 11. Bxf8 {
(00:33)} Kxf8 {(00:12)} 12. Bb5 {(00:48)} Na5 {(06:
07)} 13. Qa3+ {(03:19)} Kg7 {(00:22)} 14. O-O {(01:46)} b6
{(05:30)} 15. b4 {(06:51)} a6 {(15:36)} 16. Bd3 {(
19:45)} Qd6 {(06:25)} 17. Nxd5 {(02:42)} exd5 {(00:08)}
18. Ne5 {(16:53)} Nc6 {(17:08)} 19. Nxc6 {(04:16)} Qxc6 {
(00:23)} 20. Rfc1 {(04:11)} Qd6 {(02:48)} 21. Qc3 {
(02:03)} Bd7 {(01:17)} 22. Qc7 {(01:58)} Qxc7 {(01:
16)} 23. Rxc7 {(00:06)} Bb5 {(00:05)} 24. Bf1 {(04:20)}
Rhc8 {(03:50)} 25. Rb7 {(07:21)} Rab8 {(02:52)} 26. Bxb5 {
(10:27)} axb5 {(00:41)} 27. Rd7 {(00:28)} Rd8 {(02:
21)} 28. Rc7 {(01:17)} Rbc8 {(01:47)} 29. Rac1 {(01:55)}
Rxc7 {(05:32)} 30. Rxc7 {(00:07)} Ra8 {(00:07)} 31. Rd7 {
(00:34)} Rxa2 {(00:09)} 32. Kf1 {(00:19)} Rb2 {(00:
35)} 33. Rxd5 {(00:09)} Rxb4 {(00:11)} 34. Rd6 {(00:17)}
Kf8 {(00:32)} 35. Rxb6 {(00:17)} Rxd4 {(00:08)} 36. Rxb5 {
(00:05)} 1/2-1/2